 Dungeon Crawl Stone Soup version 0.24.0-13-gcf9b3192b9 (webtiles) character file.

Game seed: 8143734389497496721, levelgen mode: deterministic

229 EmberCloud the Charmwright (level 6, -17/50 HPs)
             Began as a Gnoll Skald on Nov 10, 2019.
             Engulfed by a cloud of flame (23 damage)
             ... on level 3 of the Dungeon.
             The game lasted 00:15:47 (1997 turns).

EmberCloud the Charmwright (Gnoll Skald)            Turns: 1997, Time: 00:15:49

Health: -17/50     AC:  4    Str: 14    XL:     6   Next: 3%
Magic:  5/13       EV: 15    Int: 16    God:
Gold:   194        SH:  0    Dex: 15    Spells: 8/15 levels left

rFire    . . .     SeeInvis .   c - +4 dagger
rCold    . . .     Gourm    .   (no shield)
rNeg     . . .     Faith    .   g - +0 robe (curse)
rPois    .         Spirit   .   (no helmet)
rElec    .         Reflect  .   m - +0 cloak
rCorr    +         Harm     .   (no gloves)
MR       .....                  h - +0 pair of boots
Stlth    ++........             (no amulet)
HPRegen  0.16/turn              j - ring of resist corrosion
MPRegen  0.13/turn              (no ring)

@: no status effects
A: distributed training, fangs 1, strong nose
a: no special abilities


You were on level 3 of the Dungeon.
You were not hungry.

You visited 1 branch of the dungeon, and saw 3 of its levels.

You collected 194 gold pieces.

Inventory:

Hand Weapons
 a - a +0 falchion
 c - a +4 dagger (weapon)
 q - a +2 short sword of speed
Armour
 b - a +0 leather armour
 g - a cursed +0 robe (worn)
 h - a +0 pair of boots (worn)
 k - a cursed +0 scale mail
 l - a cursed +0 chain mail
 m - a +0 cloak (worn)
Jewellery
 j - a ring of resist corrosion (left hand)
Scrolls
 n - 3 scrolls of enchant weapon
 o - a scroll of remove curse {unknown}
Potions
 f - a potion of heal wounds {unknown}
 i - a potion of magic {unknown}
 p - 2 potions of flight {unknown}
Comestibles
 d - 3 rations


   Skills:
 + Level 4.9 Fighting
 + Level 1.7 Short Blades
 + Level 4.9 Long Blades
 + Level 1.7 Axes
 + Level 1.7 Maces & Flails
 + Level 1.7 Polearms
 + Level 1.7 Staves
 + Level 1.7 Slings
 + Level 1.7 Bows
 + Level 1.7 Crossbows
 + Level 1.7 Throwing
 + Level 3.1 Armour
 + Level 4.9 Dodging
 + Level 1.7 Stealth
 + Level 1.7 Shields
 + Level 1.7 Unarmed Combat
 + Level 5.2 Spellcasting
 + Level 1.3 Conjurations
 + Level 1.3 Hexes
 + Level 5.6 Charms
 + Level 1.3 Summonings
 + Level 1.3 Necromancy
 + Level 1.3 Translocations
 + Level 1.3 Transmutations
 + Level 1.3 Fire Magic
 + Level 1.3 Ice Magic
 + Level 1.3 Air Magic
 + Level 1.3 Earth Magic
 + Level 1.3 Poison Magic
 + Level 1.9 Invocations
 + Level 1.7 Evocations


You had 8 spell levels left.
You knew the following spells:

 Your Spells              Type           Power        Failure   Level  Hunger
a - Infusion              Chrm           ###.         1%          1    None
b - Regeneration          Chrm/Necr      ###.......   11%         3    ###....
c - Song of Slaying       Chrm           ###.....     2%          2    #......
d - Magic Dart            Conj           #...         9%          1    None

Your spell library contained the following spells:

 Spells                   Type           Power        Failure   Level  Hunger
 Shroud of Golubria       Chrm/Tloc      ###...       5%          2    #......
 Spectral Weapon          Hex/Chrm       ###.....     11%         3    ###....
 Blink                    Tloc           N/A          13%         2    #......
 Call Imp                 Summ           #.......     13%         2    #......
 Slow                     Hex            #.......     13%         2    #......
 Conjure Flame            Conj/Fire      #.......     26%         3    ###....
 Mephitic Cloud           Conj/Pois/Air  #.......     26%         3    ###....


Dungeon Overview and Level Annotations

Branches:
Dungeon (3/15)

Altars:
Fedhas

Annotations:
D:3 Sigmund


Innate Abilities, Weirdness & Mutations

Your experience applies equally to all skills.
You have very sharp teeth.
Your uncanny sense of smell can sniff out nearby items.


Message History

As you read the scroll labeled MESUTI JONUE, it crumbles to dust.
The creatures around you are filled with an inner flame!
It was a scroll of immolation.
A puff of flame appears from out of thin air!
The puff of flame hits you!
An orc comes into view. It is wielding a +0 whip.
The frilled lizard completely misses you.
The orc moves out of view.
The frilled lizard misses you. The frilled lizard closely misses you.
You barely miss the frilled lizard. Your bite misses the frilled lizard.
The frilled lizard misses you.
You hit the frilled lizard.
The frilled lizard explodes!
The fiery explosion engulfs the orc!!
The orc explodes!
The fiery explosion engulfs you!
* * * LOW HITPOINT WARNING * * *
You are engulfed in blazing flames.
You die...

### #.#############
#............<#
#.###########.#
######.# ∆ #.# #......#
#.# #.###### ...
#.#########. #.#
#.#§@....... #.#
#.#§#######. #.#
#.#§......#
###########.#.#.......#
............#.#%......+
###....######.#{......#
. +....)......#.w.....+
###....#########.[....#
).'............'......+


There were no monsters in sight!

Vanquished Creatures
  A scorpion (D:2)
  An orc wizard (D:3)
  Crazy Yiuf (D:2)
  5 adders (D:2)
  A worm (D:2)
  3 dart slugs
  A leopard gecko (D:2)
  7 orcs (D:3)
  A ball python (D:2)
  4 bats
  7 giant cockroaches
  5 goblins
  5 hobgoblins
  3 jackals (D:1)
  A quokka (D:1)
  3 frilled lizards
  3 kobolds
  8 rats
60 creatures vanquished.

Notes
Turn   | Place    | Note
-------+----------+-------------------------------------------
     0 | D:1      | EmberCloud the Gnoll Skald began the quest for the Orb.
     0 | D:1      | Reached XP level 1. HP: 20/20 MP: 6/6
   122 | D:1      | Reached XP level 2. HP: 26/26 MP: 7/7
   443 | D:1      | Reached XP level 3. HP: 31/31 MP: 3/9
   482 | D:1      | Reached skill level 5 in Spellcasting
   768 | D:2      | Found a runed translucent door.
   769 | D:2      | Noticed Crazy Yiuf
   785 | D:2      | Reached skill level 1 in Invocations
   800 | D:2      | Reached skill level 1 in Short Blades
   800 | D:2      | Reached skill level 1 in Axes
   800 | D:2      | Reached skill level 1 in Maces & Flails
   800 | D:2      | Reached skill level 1 in Polearms
   800 | D:2      | Reached skill level 1 in Staves
   800 | D:2      | Reached skill level 1 in Slings
   800 | D:2      | Reached skill level 1 in Bows
   800 | D:2      | Reached skill level 1 in Crossbows
   800 | D:2      | Reached skill level 1 in Throwing
   800 | D:2      | Reached skill level 1 in Stealth
   800 | D:2      | Reached skill level 1 in Shields
   800 | D:2      | Reached skill level 1 in Unarmed Combat
   800 | D:2      | Reached skill level 1 in Evocations
   939 | D:2      | Reached XP level 4. HP: 34/38 MP: 4/11
   967 | D:2      | Found a blossoming altar of Fedhas.
  1159 | D:2      | Reached skill level 1 in Conjurations
  1159 | D:2      | Reached skill level 1 in Hexes
  1159 | D:2      | Reached skill level 1 in Summonings
  1159 | D:2      | Reached skill level 1 in Necromancy
  1159 | D:2      | Reached skill level 1 in Translocations
  1159 | D:2      | Reached skill level 1 in Transmutations
  1159 | D:2      | Reached skill level 1 in Fire Magic
  1159 | D:2      | Reached skill level 1 in Ice Magic
  1159 | D:2      | Reached skill level 1 in Air Magic
  1159 | D:2      | Reached skill level 1 in Earth Magic
  1159 | D:2      | Reached skill level 1 in Poison Magic
  1170 | D:2      | Learned a level 3 spell: Regeneration
  1173 | D:2      | Learned a level 2 spell: Song of Slaying
  1581 | D:2      | Reached XP level 5. HP: 11/43 MP: 2/12
  1597 | D:2      | Learned a level 1 spell: Magic Dart
  1811 | D:2      | Killed Crazy Yiuf
  1962 | D:3      | Reached XP level 6. HP: 21/50 MP: 1/13
  1970 | D:3      | Noticed Sigmund
  1997 | D:3      | Engulfed by a cloud of flame

Levels and vault maps discovered:
D:1:      onia_arrival_larder, layout_basic
D:2:      layout_basic, lemuel_coloured_pillars_altar, minmay_ruptured,
          uniq_crazy_yiuf_cottage
D:3:      layout_basic, uniq_ijyb, uniq_sigmund

Skill      XL: |  1  2  3  4  5 |
---------------+----------------+-----
Spellcasting   | 5 |  5.2
Invocations    | 1 |  1.9
Short Blades   | 1 |  1.7
Axes           | 1 |  1.7
Maces & Flails | 1 |  1.7
Polearms       | 1 |  1.7
Staves         | 1 |  1.7
Slings         | 1 |  1.7
Bows           | 1 |  1.7
Crossbows      | 1 |  1.7
Throwing       | 1 |  1.7
Stealth        | 1 |  1.7
Shields        | 1 |  1.7
Unarmed Combat | 1 |  1.7
Evocations     | 1 |  1.7
Conjurations   | 1 |  1.3
Hexes          | 1 |  1.3
Summonings     | 1 |  1.3
Necromancy     | 1 |  1.3
Translocations | 1 |  1.3
Transmutations | 1 |  1.3
Fire Magic     | 1 |  1.3
Ice Magic      | 1 |  1.3
Air Magic      | 1 |  1.3
Earth Magic    | 1 |  1.3
Poison Magic   | 1 |  1.3
Armour         | 3 |  3.1
Fighting       | |  4.9
Long Blades    | |  4.9
Dodging        | |  4.9
Charms         | |  5.6

Action                   |  1- 3 |  4- 6 || total
-------------------------+-------+-------++-------
Melee: Falchion          |    93 |    61 ||   154
       Bite              |    10 |    10 ||    20
       Punch             |       |     3 ||     3
       Dagger            |       |    24 ||    24
 Cast: Infusion          |     5 |     4 ||     9
       Regeneration      |       |     4 ||     4
       Magic Dart        |       |     4 ||     4
       Song of Slaying   |       |     1 ||     1
  Use: Scroll            |     3 |     5 ||     8
 Stab: Sleeping          |       |     2 ||     2
  Eat: Ration            |       |     1 ||     1
       Chunk             |       |     1 ||     1
Armor: Leather armour    |     6 |       ||     6
       Robe              |    12 |    13 ||    25
Dodge: Dodged            |    68 |    66 ||   134
       Rpst.: Falchion   |    22 |    13 ||    35
